Map: Moonlight Madness LE (Void)

Players

Zerg - Winner!

  • Race: Terran Terran
  • League: Gold

CartmanNL - Winner!

  • Race: Terran Terran
  • League: Silver

MoonLjth

  • Race: Protoss Protoss
  • League: Platinum

iQuitBYE

  • Race: Protoss Protoss
  • League: Grandmaster

VOD

Have the link to the VOD?

Description

Time

  • Played on: Oct. 2, 2015, 9:13 p.m.
  • Length: 15:05
Show
View Real Time Build Order
Export as new Build Order

Zerg Terran - Winner!

Build Orders: Mech 

Get SALT Encoding   

  12  0:01  SCV  
  13  0:13  SCV  
  14  0:18  Supply Depot  
  14  0:25  SCV  
  15  0:40  SCV  
  15  0:41  Barracks  
  16  0:52  Supply Depot  
  16  0:58  SCV  
  16  1:00  Refinery  
  17  1:10  SCV  
  18  1:22  SCV  
  19  1:34  SCV  
  19  1:39  Marine  
  21  1:41  Command Center  
  21  1:46  SCV  
  21  2:01  Orbital Command  
  21  2:08  Factory  
  21  2:15  Marine  
  22  2:26  SCV  
  23  2:33  Refinery  
  23  2:38  SCV  
  24  2:48  Marine  
  24  2:50  SCV  
  26  2:52  Starport, Widow Mine  
  28  2:59  Orbital Command  
  28  3:03  SCV  
  29  3:12  Supply Depot  
  29  3:15  SCV  
  29  3:19  Factory  
  30  3:21  Factory Tech Lab  
  30  3:27  SCV x2  
  30  3:32  Starport Reactor  
  32  3:36  Supply Depot  
  32  3:39  SCV x2  
  34  3:46  Refinery  
  34  3:51  SCV  
  34  3:52  SCV, Siege Tank  
  39  4:02  Refinery  
  38  4:03  SCV  
  38  4:04  SCV, Factory Reactor  
  38  4:07  Supply Depot  
  40  4:15  SCV  
  40  4:16  SCV  
  42  4:21  Medivac  
  44  4:26  Hellion  
  44  4:27  SCV  
  44  4:29  SCV  
  48  4:39  SCV  
  48  4:40  Supply Depot  
  48  4:41  SCV  
  50  4:46  Hellion x2  
  50  4:47  Viking  
  50  4:51  Supply Depot, Siege Tank  
  59  5:01  SCV x2  
  59  5:06  Armory  
  61  5:08  Widow Mine x2  
  61  5:13  SCV x2  
  67  5:17  Medivac  
  67  5:18  Medivac  
  71  5:23  Widow Mine  
  71  5:25  SCV x2  
  75  5:32  Supply Depot  
  75  5:35  Supply Depot  
  75  5:37  SCV x2  
  75  5:38  Hellion  
  75  5:39  Hellion  
  81  5:52  Siege Tank  
  84  5:58  Command Center, SCV  
  84  6:00  SCV  
  86  6:09  Medivac x2  
  86  6:10  SCV, Widow Mine  
  86  6:11  Widow Mine  
  88  6:12  SCV  
  91  6:20  Terran Vehicle Weapons Level 1  
  91  6:22  SCV  
  91  6:23  Widow Mine  
  91  6:24  SCV  
  95  6:26  Refinery  
  95  6:34  SCV  
  95  6:36  SCV  
  95  6:39  Hellion  
  99  6:42  Supply Depot  
  99  6:46  Supply Depot  
  99  6:47  SCV  
  100  6:48  Hellion  
  100  6:53  Factory  
  102  7:03  Supply Depot, Siege Tank, Medivac x2  
  102  7:04  SCV  
  102  7:07  SCV  
  111  7:10  Hellion x2  
  111  7:14  Orbital Command  
  115  7:16  SCV  
  115  7:20  Engineering Bay  
  115  7:22  SCV  
  117  7:24  Armory  
  117  7:28  SCV, Refinery  
  118  7:31  Supply Depot  
  118  7:34  SCV  
  118  7:35  Siege Tank  
  122  7:38  Hellion  
  122  7:39  Hellion  
  122  7:40  SCV  
  122  7:43  SCV  
  120  7:46  SCV  
  120  7:47  Factory Reactor  
  120  7:49  Factory  
  121  7:52  SCV  
  121  7:57  SCV  
  123  7:58  SCV  
  123  8:00  Hellion  
  123  8:01  Hellion  
  123  8:04  SCV  
  123  8:05  Medivac x2  
  133  8:07  Siege Tank  
  133  8:08  Supply Depot  
  133  8:09  SCV  
  130  8:12  Supply Depot, SCV  
  130  8:13  Supply Depot  
  130  8:16  Terran Vehicle Weapons Level 2  
  130  8:18  Terran Vehicle And Ship Armor Level 1  
  130  8:21  Hellion  
  130  8:22  Hellion  
  134  8:27  SCV x3  
  134  8:29  Hellion x2  
  134  8:31  Supply Depot  
  141  8:34  Factory Reactor  
  141  8:36  Factory Tech Lab  
  141  8:39  Thor  
  147  8:48  SCV  
  148  8:57  Hellion x2  
  148  8:58  Siege Tank  
  148  8:59  Hellion x2  
  148  9:00  Medivac x2  
  163  9:15  Command Center  
  163  9:20  Hellion  
  163  9:22  Siege Tank  
  163  9:23  Hellion  
  170  9:30  Viking x2, Siege Tank  
  177  9:31  Hellion  
  177  9:32  Hellion  
  177  9:36  Infernal Pre-Igniter  
  177  9:37  Command Center  
  179  9:42  Widow Mine  
  179  9:43  Widow Mine  
  179  9:45  Drilling Claws  
  180  9:52  Supply Depot, Widow Mine  
  174  9:54  Supply Depot, Siege Tank  
  174  9:57  Widow Mine  
  177  10:00  Viking  
  179  10:10  Supply Depot x2  
  182  10:14  Siege Tank  
  182  10:17  Widow Mine  
  182  10:18  Widow Mine  
  182  10:19  Viking  
  186  10:26  Siege Tank  
  184  10:30  Hellion x2, Viking  
  188  10:42  Planetary Fortress  
  180  10:44  SCV x3  
  180  10:46  Hellion  
  180  10:47  Hellion x2  
  180  10:49  Viking  
  191  10:51  Hellion  
  193  11:00  Medivac  
  195  11:04  Planetary Fortress  
  195  11:08  SCV  
  195  11:11  Refinery  
  194  11:12  Refinery x2  
  194  11:14  Siege Tank x2  
  200  11:21  Starport  
  200  11:23  Starport  
  192  11:29  Hellion  
  192  11:30  Hellion x3  
  192  11:31  Fusion Core  
  193  11:45  Refinery  
  193  11:46  Siege Tank  
  180  11:58  Terran Vehicle And Ship Armor Level 2, Terran Vehicle Weapons Level 3  
  180  12:02  Starport Tech Lab x2  
  180  12:11  Siege Tank  
  180  12:13  Hellion x4  
  191  12:18  Siege Tank  
  190  12:24  Battlecruiser  
  186  12:34  Battlecruiser  
  186  12:35  Hellion x4, Starport Tech Lab  
  193  12:43  Siege Tank  
  196  12:50  Hellion  
  192  12:54  Battlecruiser  
  192  12:56  Hellion  
  192  12:57  Hellion  
  187  13:07  Hellion x2  
  187  13:11  Siege Tank  
  194  13:15  Siege Tank  
  194  13:18  Hellion  
  199  13:39  Command Center  
  199  13:50  Weapon Refit  
  187  14:15  Starport  
  185  14:47  Command Center x2  
  185  14:50  Command Center  
  181  14:56  Command Center  
Show
View Real Time Build Order
Export as new Build Order

CartmanNL Terran - Winner!

Build Orders:  

Get SALT Encoding   

  12  0:01  Probe (Chrono Boost)  
  13  0:15  Pylon  
  13  0:18  Probe (Chrono Boost)  
  14  0:29  Probe (Chrono Boost)  
  15  0:38  Gateway  
  15  0:42  Probe (Chrono Boost)  
  16  0:48  Assimilator  
  16  0:53  Probe (Chrono Boost)  
  17  1:03  Probe (Chrono Boost)  
  18  1:14  Probe (Chrono Boost)  
  19  1:24  Probe (Chrono Boost)  
  20  1:32  Nexus  
  20  1:35  Probe (Chrono Boost)  
  21  1:49  Cybernetics Core, Probe (Chrono Boost)  
  22  1:56  Assimilator  
  22  2:02  Pylon  
  22  2:04  Probe (Chrono Boost)  
  23  2:26  Mothership Core (Chrono Boost), Warp Gate  
  25  2:32  Stalker  
  25  2:33  Pylon  
  27  2:44  Probe (Chrono Boost)  
  27  2:46  Probe (Chrono Boost)  
  29  2:58  Stalker  
  30  3:08  Probe (Chrono Boost)  
  31  3:15  Probe (Chrono Boost)  
  31  3:16  Twilight Council  
  32  3:24  Stalker  
  32  3:25  Probe x2 (Chrono Boost)  
  36  3:36  Probe (Chrono Boost)  
  36  3:37  Probe (Chrono Boost)  
  36  3:38  Robotics Facility  
  38  3:42  Assimilator  
  38  3:46  Probe (Chrono Boost)  
  40  3:49  Probe (Chrono Boost)  
  40  3:57  Probe (Chrono Boost)  
  40  3:58  Stalker  
  40  3:59  Blink  
  44  4:03  Probe (Chrono Boost)  
  44  4:06  Pylon  
  44  4:07  Probe (Chrono Boost)  
  45  4:22  Pylon  
  47  4:24  Probe (Chrono Boost)  
  47  4:25  Probe (Chrono Boost), Observer  
  48  4:35  Probe (Chrono Boost)  
  48  4:37  Probe (Chrono Boost)  
  48  4:45  Probe (Chrono Boost)  
  49  4:54  Observer  
  49  4:56  Nexus  
  49  4:57  Probe (Chrono Boost)  
  49  4:59  Probe (Chrono Boost), Pylon  
  52  5:01  Assimilator  
  52  5:06  Stalker  
  54  5:12  Robotics Bay  
  55  5:14  Probe (Chrono Boost)  
  55  5:16  Probe (Chrono Boost)  
  56  5:26  Probe x2 (Chrono Boost)  
  55  5:36  Stalker  
  55  5:37  Probe (Chrono Boost)  
  55  5:39  Probe (Chrono Boost)  
  58  5:47  Probe (Chrono Boost)  
  59  6:00  Extended Thermal Lance  
  59  6:04  Colossus  
  59  6:07  Stalker  
  59  6:11  Probe (Chrono Boost)  
  62  6:12  Gateway  
  62  6:15  Probe (Chrono Boost)  
  70  6:20  Probe (Chrono Boost)  
  70  6:23  Gateway, Probe (Chrono Boost)  
  71  6:26  Forge  
  71  6:28  Probe (Chrono Boost)  
  71  6:32  Probe (Chrono Boost)  
  73  6:38  Pylon  
  73  6:39  Probe (Chrono Boost)  
  74  6:44  Probe (Chrono Boost)  
  74  6:45  Forge  
  74  6:48  Probe (Chrono Boost)  
  74  6:56  Observer  
  74  7:00  Probe (Chrono Boost)  
  73  7:02  Probe (Chrono Boost)  
  73  7:03  Stalker  
  73  7:06  Protoss Ground Weapons Level 1  
  73  7:08  Photon Cannon  
  76  7:13  Probe (Chrono Boost), Protoss Ground Armor Level 1  
  76  7:14  Probe (Chrono Boost)  
  79  7:16  Probe (Chrono Boost)  
  79  7:17  Colossus  
  79  7:24  Assimilator  
  79  7:25  Photon Cannon  
  79  7:29  Probe (Chrono Boost)  
  87  7:30  Pylon  
  87  7:31  Probe (Chrono Boost)  
  87  7:32  Probe (Chrono Boost)  
  88  7:39  Stalker x2  
  88  7:40  Stalker  
  95  7:45  Probe (Chrono Boost)  
  95  7:49  Probe (Chrono Boost)  
  96  7:52  Pylon  
  96  7:53  Photon Cannon  
  96  7:55  Assimilator  
  94  8:04  Probe (Chrono Boost)  
  95  8:09  Stalker x3  
  100  8:22  Probe (Chrono Boost)  
  99  8:32  Gateway  
  99  8:37  Gateway  
  99  8:39  Probe (Chrono Boost)  
  99  8:40  Gateway, Stargate, Colossus  
  100  8:43  Gateway  
  100  8:44  Probe (Chrono Boost)  
  107  8:50  Charge  
  107  8:54  Templar Archives  
  107  8:55  Probe (Chrono Boost)  
  110  8:56  Stalker x3  
  110  8:57  Probe x2 (Chrono Boost)  
  110  8:58  Protoss Ground Armor Level 2  
  116  9:05  Pylon  
  116  9:07  Probe (Chrono Boost), Protoss Ground Weapons Level 2  
  117  9:16  Pylon  
  117  9:21  Pylon  
  118  9:25  Probe (Chrono Boost)  
  115  9:32  Stalker x2  
  115  9:33  Probe (Chrono Boost)  
  115  9:34  Phoenix  
  117  9:49  Stalker x3, Colossus  
  123  9:56  Psionic Storm  
  123  9:57  Probe (Chrono Boost)  
  130  10:03  Probe (Chrono Boost), Phoenix  
  133  10:09  High Templar x3  
  137  10:24  Nexus  
  131  10:35  Colossus  
  127  10:39  Probe (Chrono Boost)  
  127  10:41  Pylon  
  120  10:45  Stalker x5  
  120  10:46  Stalker  
  138  10:57  Pylon  
  138  11:00  Phoenix, Assimilator  
  138  11:02  Assimilator  
  140  11:08  Dark Shrine  
  140  11:10  Gateway  
  140  11:14  Stalker x3  
  140  11:15  Gateway  
  140  11:17  Pylon  
  136  11:19  Stalker x2  
  136  11:20  Pylon  
  136  11:31  Stalker  
  136  11:32  Stalker  
  119  11:41  Stalker x3  
  104  11:53  Stalker x2  
  89  12:00  Stalker x2  
  86  12:04  Immortal  
  84  12:10  Stalker x2  
  72  12:19  Stalker x3  
  70  12:25  Stalker  
  72  12:34  Stalker x2  
  70  12:41  Zealot  
  72  12:46  Zealot  
  52  13:02  High Templar x3  
  57  13:11  Zealot x2  
  58  13:20  Cybernetics Core  
  58  13:34  Zealot x2  
  60  13:44  Dark Templar x3  
  62  13:50  Dark Templar  
  64  13:59  Dark Templar  
  66  14:08  Stalker  
  62  14:20  Stalker x3  
  68  14:28  Stalker  
  69  14:32  Stalker  
  69  14:33  Stalker  
  59  14:50  Stalker x2  
  50  15:01  Dark Templar x2  
Show
View Real Time Build Order
Export as new Build Order

MoonLjth Protoss 

Build Orders:  

Get SALT Encoding   

Show
View Real Time Build Order
Export as new Build Order

iQuitBYE Protoss 

Build Orders:  

Get SALT Encoding   

Tags
 
Add a new tag
Caveats
  • Supply blocks, unpowered buildings, or Contaminate may cause inaccurate times.
  • Supply counts are checked every 10 seconds.